Map: Dusk Towers

Players

SynkroL - Winner!

  • Race: Protoss Protoss
  • League: Silver

Grumm

  • Race: Protoss Protoss
  • League: Gold

VOD

Have the link to the VOD?

Description

Time

  • Played on: Jan. 13, 2016, 12:29 a.m.
  • Length: 19:13
Show
View Real Time Build Order
Export as new Build Order

SynkroL Protoss - Winner!

Build Orders:  

Get SALT Encoding   

  12  0:01  Probe (Chrono Boost)  
  13  0:14  Pylon  
  13  0:18  Probe (Chrono Boost)  
  14  0:28  Probe (Chrono Boost)  
  15  0:34  Gateway  
  15  0:45  Probe (Chrono Boost)  
  16  0:54  Pylon  
  16  0:56  Probe (Chrono Boost)  
  17  1:01  Assimilator  
  17  1:06  Probe (Chrono Boost)  
  17  1:07  Assimilator  
  18  1:17  Probe (Chrono Boost)  
  19  1:27  Cybernetics Core  
  19  1:42  Probe (Chrono Boost)  
  20  1:52  Probe (Chrono Boost)  
  21  2:05  Warp Gate (Chrono Boost)  
  21  2:08  Pylon, Adept  
  23  2:13  Probe (Chrono Boost)  
  23  2:24  Pylon, Probe (Chrono Boost)  
  23  2:29  Gateway  
  24  2:32  Gateway  
  24  2:44  Probe  
  24  2:49  Gateway  
  25  2:53  Sentry  
  25  3:37  Adept x2  
  25  3:38  Adept x2  
  33  3:46  Nexus  
  33  3:52  Pylon  
  33  4:19  Probe  
  34  4:31  Probe  
  35  4:43  Probe  
  30  5:25  Probe  
  30  5:27  Probe  
  30  5:29  Stalker x3  
  30  5:33  Stalker  
  38  5:36  Probe  
  38  5:39  Assimilator, Probe  
  40  5:44  Assimilator  
  40  5:45  Pylon  
  40  5:47  Probe  
  41  5:50  Pylon  
  41  5:51  Probe  
  41  5:52  Pylon  
  41  5:57  Pylon, Probe  
  42  5:58  Sentry x4  
  42  6:00  Forge  
  42  6:03  Probe  
  52  6:07  Forge  
  52  6:08  Probe  
  53  6:15  Probe  
  54  6:18  Probe  
  54  6:19  Gateway  
  54  6:20  Gateway  
  55  6:27  Probe  
  55  6:29  Probe, Sentry  
  55  6:30  Sentry  
  62  6:40  Probe  
  62  6:41  Photon Cannon  
  62  6:44  Photon Cannon  
  62  6:46  Stalker x2  
  66  6:47  Probe  
  66  6:52  Probe  
  68  6:55  Pylon  
  68  6:58  Probe  
  68  7:00  Protoss Ground Weapons Level 1  
  69  7:05  Protoss Shields Level 1  
  69  7:14  Stalker x2  
  73  7:30  Probe (Chrono Boost)  
  73  7:31  Probe (Chrono Boost)  
  75  7:46  Nexus  
  75  7:53  Pylon  
  75  7:55  Pylon  
  75  8:03  Stalker x3  
  75  8:04  Stalker x2  
  85  8:12  Photon Cannon  
  85  8:22  Gateway  
  85  8:24  Gateway  
  85  8:34  Pylon  
  83  8:59  Photon Cannon  
  83  9:04  Photon Cannon  
  83  9:06  Protoss Ground Armor Level 1 (Chrono Boost)  
  83  9:21  Photon Cannon  
  83  9:23  Pylon  
  83  9:24  Probe x2  
  83  9:25  Probe  
  83  9:28  Assimilator  
  83  9:29  Assimilator  
  85  9:33  Stalker x3  
  85  9:34  Probe  
  85  9:35  Probe  
  85  9:37  Probe  
  94  9:51  Photon Cannon  
  94  9:54  Photon Cannon  
  94  10:04  Photon Cannon  
  94  10:10  Gateway  
  94  10:13  Twilight Council  
  94  10:15  Pylon  
  94  10:18  Pylon  
  94  10:23  Pylon  
  94  10:29  Stargate  
  94  10:30  Stargate  
  94  10:40  Photon Cannon  
  94  10:53  Gateway  
  94  10:54  Pylon, Gateway  
  94  10:59  Stalker x3  
  100  11:04  Blink (Chrono Boost)  
  100  11:07  Pylon  
  100  11:21  Probe  
  100  11:22  Probe  
  100  11:23  Probe  
  103  11:39  Nexus  
  103  11:42  Pylon  
  103  11:44  Pylon  
  107  11:48  Void Ray (Chrono Boost)  
  107  11:53  Void Ray (Chrono Boost)  
  111  11:56  Pylon  
  111  12:04  Protoss Ground Weapons Level 2  
  111  12:14  Photon Cannon  
  111  12:20  Photon Cannon  
  111  12:26  Void Ray (Chrono Boost)  
  115  12:31  Void Ray (Chrono Boost)  
  119  12:49  Probe x3  
  122  12:59  Protoss Ground Armor Level 2, Charge  
  122  13:00  Void Ray (Chrono Boost)  
  122  13:03  Void Ray (Chrono Boost)  
  126  13:10  Protoss Air Weapons Level 1 (Chrono Boost)  
  130  13:35  Void Ray  
  130  13:36  Probe  
  130  13:37  Probe x3  
  130  13:39  Void Ray  
  142  13:49  Probe  
  143  13:55  Stargate  
  143  13:58  Stargate  
  143  14:07  Stalker  
  143  14:08  Stalker x2  
  149  14:14  Void Ray (Chrono Boost)  
  146  14:18  Void Ray (Chrono Boost)  
  154  14:24  Assimilator  
  154  14:25  Photon Cannon  
  154  14:26  Photon Cannon  
  154  14:29  Photon Cannon  
  154  14:30  Assimilator  
  150  14:37  Photon Cannon  
  149  14:40  Photon Cannon  
  149  14:46  Void Ray x2 (Chrono Boost)  
  157  14:55  Probe x3  
  157  14:56  Void Ray (Chrono Boost), Probe  
  165  15:07  Probe x2  
  167  15:35  Void Ray x4 (Chrono Boost)  
  111  16:10  Pylon  
  111  16:12  Void Ray x4 (Chrono Boost)  
  127  16:38  Zealot x4  
  127  16:39  Zealot x3  
  141  16:49  Void Ray x2 (Chrono Boost)  
  109  17:10  Void Ray x2 (Chrono Boost)  
  99  17:26  Void Ray (Chrono Boost), Probe  
  99  17:27  Void Ray (Chrono Boost), Probe  
  105  17:39  Zealot x6  
  105  17:40  Zealot x3  
  105  17:41  Zealot  
  115  17:47  Void Ray (Chrono Boost)  
  115  17:55  Void Ray (Chrono Boost)  
  119  18:04  Void Ray (Chrono Boost)  
  121  18:19  Zealot x2  
  121  18:20  Zealot x3  
  121  18:21  Stalker x2  
  119  18:40  Stalker x5  
Show
View Real Time Build Order
Export as new Build Order

Grumm Protoss 

Build Orders:  

Get SALT Encoding   

  12  0:01  Probe (Chrono Boost)  
  13  0:11  Probe (Chrono Boost)  
  14  0:19  Pylon  
  14  0:22  Probe (Chrono Boost)  
  15  0:37  Gateway  
  15  0:39  Probe (Chrono Boost)  
  16  0:45  Assimilator  
  17  0:50  Probe (Chrono Boost)  
  17  1:00  Probe (Chrono Boost)  
  18  1:11  Probe (Chrono Boost)  
  19  1:16  Pylon  
  19  1:21  Probe (Chrono Boost)  
  20  1:27  Cybernetics Core  
  20  1:31  Gateway  
  20  1:33  Probe (Chrono Boost)  
  20  1:38  Zealot  
  23  1:48  Probe (Chrono Boost)  
  24  1:58  Assimilator, Probe (Chrono Boost)  
  24  2:17  Nexus  
  24  2:20  Warp Gate (Chrono Boost)  
  26  2:30  Mothership Core  
  26  2:40  Pylon  
  26  2:51  Robotics Facility  
  26  2:55  Pylon  
  26  3:00  Pylon  
  26  3:08  Stalker  
  27  3:34  Probe  
  27  3:40  Immortal  
  32  3:46  Probe  
  32  3:47  Pylon  
  32  3:48  Probe  
  34  3:58  Probe x2  
  34  3:59  Assimilator  
  36  4:09  Probe  
  36  4:10  Probe  
  38  4:19  Observer, Probe  
  38  4:21  Adept  
  38  4:22  Probe, Sentry  
  45  4:30  Probe  
  45  4:35  Forge  
  45  4:36  Probe  
  41  5:04  Probe  
  41  5:05  Probe  
  42  5:14  Probe  
  42  5:18  Probe  
  43  5:25  Probe  
  44  5:30  Probe  
  44  5:34  Photon Cannon  
  45  5:35  Probe  
  45  5:36  Stalker  
  45  5:37  Zealot  
  45  5:42  Probe  
  51  5:46  Probe  
  52  5:55  Probe, Photon Cannon  
  52  5:56  Probe  
  53  5:59  Pylon  
  54  6:06  Zealot  
  54  6:07  Zealot  
  58  6:19  Assimilator  
  58  6:21  Pylon  
  58  6:23  Probe  
  58  6:24  Probe  
  60  6:26  Warp Prism, Protoss Ground Weapons Level 1 (Chrono Boost)  
  62  6:40  Probe x2  
  64  6:49  Stalker  
  64  6:52  Probe x2  
  68  7:00  Stargate  
  68  7:02  Pylon  
  68  7:25  Nexus, Immortal  
  68  7:29  Stalker  
  70  7:32  Probe  
  70  7:37  Gateway  
  75  7:42  Photon Cannon  
  75  7:48  Pylon  
  75  7:50  Pylon  
  75  7:54  Pylon  
  75  8:00  Probe x2  
  77  8:12  Probe x2  
  79  8:14  Adept x2  
  83  8:20  Immortal  
  83  8:24  Probe  
  83  8:25  Probe  
  89  8:36  Stalker  
  89  8:39  Stalker  
  89  8:40  Adept  
  95  8:55  Probe x2  
  93  8:56  Probe  
  93  9:01  Warp Prism  
  94  9:02  Assimilator  
  94  9:06  Assimilator, Probe  
  94  9:07  Void Ray  
  101  9:15  Stalker x2  
  101  9:16  Zealot  
  107  9:17  Probe  
  108  9:27  Probe  
  109  9:37  Probe  
  109  9:38  Probe x2  
  106  9:48  Probe  
  107  9:53  Protoss Ground Armor Level 1 (Chrono Boost), Immortal  
  107  9:56  Void Ray  
  107  9:59  Probe  
  115  10:00  Probe x2  
  115  10:04  Twilight Council  
  115  10:06  Photon Cannon  
  118  10:09  Photon Cannon  
  118  10:10  Probe, Nexus  
  118  10:12  Sentry  
  118  10:13  Sentry  
  123  10:23  Probe  
  123  10:24  Probe x2  
  126  10:32  Protoss Air Weapons Level 1 (Chrono Boost)  
  126  10:42  Photon Cannon  
  126  10:44  Photon Cannon  
  126  10:48  Photon Cannon  
  126  10:49  Probe  
  126  10:55  Void Ray, Charge, Immortal (Chrono Boost)  
  135  10:57  Stalker x3  
  141  11:17  Forge  
  141  11:21  Gateway  
  141  11:22  Gateway  
  141  11:24  Gateway x2  
  141  11:28  Gateway  
  141  11:41  Robotics Bay  
  141  11:43  Robotics Facility  
  141  11:44  Pylon  
  141  11:46  Pylon  
  141  11:50  Pylon  
  141  11:51  Immortal (Chrono Boost)  
  141  11:53  Void Ray  
  141  11:54  Pylon  
  149  11:56  Zealot x3  
  155  12:09  Probe x2  
  157  12:23  Zealot x3  
  157  12:29  Extended Thermal Lance  
  163  12:31  Assimilator, Protoss Shields Level 1  
  163  12:33  Colossus (Chrono Boost)  
  163  12:35  Assimilator  
  169  12:38  Pylon  
  169  12:41  Pylon  
  175  12:45  Pylon  
  175  12:46  Colossus (Chrono Boost)  
  175  12:49  Forge  
  175  12:50  Protoss Ground Armor Level 2, Pylon  
  175  12:59  Stargate  
  175  13:08  Probe x3  
  178  13:13  Stalker x2  
  178  13:14  Stalker x3  
  188  13:33  Dark Shrine  
  188  13:35  Pylon  
  188  13:49  Nexus  
  188  13:56  Zealot x2  
  188  13:57  Zealot  
  194  14:06  Zealot x3  
  196  14:18  Stalker  
  196  14:19  Stalker  
  196  14:20  Adept x2  
  190  14:42  Blink  
  188  14:52  Void Ray x2 (Chrono Boost)  
  196  14:56  Stargate  
  196  14:59  Stargate  
  196  15:02  Protoss Air Armor Level 1  
  196  15:03  Cybernetics Core  
  196  15:07  Stalker x2  
  196  15:09  Fleet Beacon  
  193  15:29  Pylon  
  193  15:31  Pylon  
  129  15:55  Stalker  
  129  15:56  Stalker  
  95  15:57  Stalker x4  
  95  15:58  Stalker x2  
  95  16:03  Void Ray x2 (Chrono Boost)  
  107  16:07  Void Ray (Chrono Boost)  
  107  16:08  Void Ray (Chrono Boost)  
  103  16:20  Stalker x6  
  103  16:21  Stalker x2  
  119  16:41  Void Ray x2 (Chrono Boost)  
  119  16:43  Protoss Air Weapons Level 2  
  119  16:46  Void Ray (Chrono Boost)  
  135  16:50  Void Ray (Chrono Boost)  
  110  17:06  Zealot x2  
  110  17:07  Zealot x3  
  110  17:08  Zealot x2  
  105  17:09  Stalker  
  99  17:18  Void Ray x2 (Chrono Boost), Nexus  
  99  17:23  Void Ray (Chrono Boost)  
  94  17:33  Void Ray (Chrono Boost)  
  94  17:36  Stalker  
  93  17:37  Stalker x5  
  93  17:55  Zealot x2  
  91  18:23  Zealot x3  
  91  18:25  Stalker x3, Zealot  
Tags
 
Add a new tag
Caveats
  • Supply blocks, unpowered buildings, or Contaminate may cause inaccurate times.
  • Supply counts are checked every 10 seconds.